 Dungeon Crawl Stone Soup version 0.23.2-1-ga50397a (webtiles) character file.

Game seed: 11393323689669081907

38208 dengdeng the Protected (level 13, -16/122 HPs)
             Began as a Minotaur Berserker on May 11, 2019.
             Was a High Priest of Trog.
             Demolished by a salamander
             ... wielding a +0 trident
              (21 damage)
             ... on level 15 of the Dungeon.
             The game lasted 01:08:50 (19292 turns).

dengdeng the Protected (Minotaur Berserker)        Turns: 19292, Time: 01:08:51

Health: -16/122    AC: 23    Str: 31    XL:     13   Next: 62%
Magic:  12/12      EV: 11    Int:  4    God:    Trog [*****.]
Gold:   1176       SH:  0    Dex: 18    Spells: 12/12 levels left

rFire    x . .     SeeInvis +   D - +7 morningstar of Slow Death {venom, -Tele MR+ Dex+4}
rCold    . . .     Gourm    +   (no shield)
rNeg     . . .     Faith    .   j - +5 plate armour of Paranoia {rF- Str+4 Dex+2}
rPois    .         Spirit   .   e - +0 hat
rElec    .         Reflect  .   p - +0 cloak {+Inv}
rCorr    .         Harm     .   (no gloves)
MR       +....     NoTele   +   (no boots)
Stlth    ..........             a - amulet of the gourmand (curse)
HPRegen  0.30/turn              I - +2 ring of dexterity
MPRegen  0.13/turn              h - ring of see invisible

@: barbed spikes
A: retaliatory headbutt, horns 2
a: Berserk, Trog's Hand, Brothers in Arms, Renounce Religion, Evoke Invisibility


You were on level 15 of the Dungeon.
You worshipped Trog.
Trog was extremely pleased with you.
You were full.

You visited 1 branch of the dungeon, and saw 15 of its levels.
You also visited: Ossuary.

You collected 1176 gold pieces.

Inventory:

Hand Weapons
 o - a +1 battleaxe of freezing
 t - a +4 great sword
 w - a +2 vampiric scythe
 x - a +1 dire flail
 y - a +2 vampiric rapier
 D - the +7 morningstar of Slow Death (weapon) {venom, -Tele MR+ Dex+4}
   (You found it on level 14 of the Dungeon)

   It poisons the flesh of those it strikes.
   It affects your dexterity (+4).
   It affects your resistance to hostile enchantments.
   It prevents most forms of teleportation.
 U - a +1 vampiric great sword
 V - a +4 scimitar of slicing
Missiles
 d - 495 stones (quivered)
 n - 2 steel javelins
 u - 5 tomahawks
 T - 3 javelins
Armour
 e - a +0 hat (worn)
 j - the +5 plate armour of Paranoia (worn) {rF- Str+4 Dex+2}
   (You took it off an orc warrior on level 13 of the Dungeon)

   It affects your strength (+4).
   It affects your dexterity (+2).
   It makes you vulnerable to fire.
 p - a +0 cloak of invisibility (worn)
Jewellery
 a - a cursed amulet of the gourmand (around neck)
 h - a ring of see invisible (right hand)
 I - a +2 ring of dexterity (left hand)
 Q - an uncursed ring of poison resistance
 R - an uncursed ring of flight
Wands
 E - a wand of disintegration (6)
Scrolls
 b - 12 scrolls of remove curse
 f - 10 scrolls of identify
 l - a scroll of teleportation
 q - 3 scrolls of enchant weapon
 r - 4 scrolls of enchant armour
 s - a scroll of fear
 z - 4 scrolls of magic mapping
 F - a scroll of fog
 P - a scroll of immolation {unknown}
 Y - a scroll of blinking {unknown}
Potions
 g - 4 potions of heal wounds
 i - 4 potions of flight {unknown}
 k - 2 potions of brilliance {unknown}
 m - 4 potions of might {unknown}
 v - 3 potions of degeneration {unknown}
 A - 6 potions of agility {unknown}
 B - 8 potions of curing
 C - 3 potions of mutation {unknown}
 H - 5 potions of berserk rage {unknown}
 K - 4 potions of invisibility {unknown}
 N - 3 potions of magic {unknown}
 S - a potion of haste {unknown}
 X - a potion of ambrosia {unknown}
 Z - a potion of cancellation {unknown}
Comestibles
 c - 25 rations


   Skills:
 + Level 13.1 Fighting
 + Level 8.5(11.1) Short Blades
 + Level 12.4(13.5) Long Blades
 + Level 8.9(10.3) Axes
 + Level 6.1(8.3) Maces & Flails
 + Level 5.7(8.1) Polearms
 + Level 3.0 Throwing
 + Level 14.6 Armour
 + Level 3.5 Dodging
 + Level 1.7 Stealth
 + Level 1.0 Unarmed Combat


You had 12 spell levels left.
You didn't know any spells.
Your spell library was empty.

Dungeon Overview and Level Annotations

Branches:
Dungeon (15/15)            Temple (0/1) D:6            Lair (0/6) D:11
    Orc (0/2) D:9          Vaults (0/5) D:13         Depths (0/5) D:15

Altars:
Fedhas
Gozag
Ru
The Shining One
Beogh

Shops:
D:5 !%}

Annotations:
D:11 exclusion: oklob plant


Innate Abilities, Weirdness & Mutations

You reflexively headbutt those who attack you in melee.
You have a pair of horns on your head.


Message History

The dire elephant tramples you!!
* * * LOW HITPOINT WARNING * * *
You hold your ground!
The dire elephant trunk-slaps you but does no damage.
The slime creature hits you but does no damage.
The salamander barely misses you. You furiously retaliate!
You headbutt the salamander! You sock the slime creature!
The slime creature is poisoned.
You headbutt the slime creature.
You kill the slime creature!
Trog accepts your kill.
Your base Maces & Flails skill increases to level 6!
The dire elephant tramples you.
* * * LOW HITPOINT WARNING * * *
You hold your ground!
The dire elephant trunk-slaps you but does no damage.
The salamander hits you with a +0 trident!
* * * LOW HITPOINT WARNING * * *
You are engulfed in flames!!
The fire burns you terribly!
You die...

........# #..........#
........#......#.....<....#
........#......#..........#
#####'###......#..........#
........#......#..........#
........#.....^#..........#
........#......#..........#
........#....########.....#
........#..≈...≈@#..#.....#
........#....#.HYN..#.....#
..##....#.#.####.####.....#
..##....#.#..# ..# #......#
..#.....#.#≈.#.≈.# ##.....#
..#.....#.#......# #.....#
..#.....#.##.####> #.....#
..#.....#.#..# # #.....#
..#.....#.#..########.....#


You could see a dire elephant, a salamander and a manticore.

Vanquished Creatures
  Frances (D:13)
  Azrael (D:14)
  The ghost of aze the Cleaver, a journeyman DDFi of Makhleb (D:13)
  Snorg (D:10)
  Josephine (D:12)
  An ogre mage (D:10)
  A hydra (D:14)
  3 vault guards (D:13)
  Erica (D:9)
  3 two-headed ogres
  A centaur warrior (D:15)
  An unseen horror (D:12)
  Pikel (D:4)
  3 ugly things
  2 deep elf magi
  4 cyclopes
  A gargoyle (D:12)
  4 efreet
  A komodo dragon (D:13)
  A freezing wraith (D:13)
  2 tengu conjurers (D:15)
  4 trolls
  A polar bear (D:8)
  Sigmund (D:3)
  4 slime creatures
  5 hippogriffs
  A shadow (D:13)
  A yak (shapeshifter) (D:13)
  3 fire elementals (D:14)
  5 wraiths (D:12)
  2 basilisks (D:12)
  3 wyverns
  13 yaks
  4 hogs (D:9)
  9 humans
  3 hungry ghosts
  A steam dragon (D:10)
  2 water moccasins
  2 hell hounds
  2 phantoms
  5 sky beasts
  7 ice beasts
  9 orc warriors
  2 black bears
  An eye of draining (D:12)
  A necrophage (D:8)
  6 ogres
  A wolf (D:8)
  5 centaurs
  2 crocodiles (D:11)
  A big kobold (D:12)
  6 elf zombies (Ossuary)
  5 bullfrogs
  2 wyvern skeletons
  2 scorpions
  17 killer bees
  19 wights
  8 howler monkeys
  3 crimson imps
  3 bullfrog zombies
  2 quasits
  4 centaur zombies
  11 jellies
  2 water moccasin simulacra (D:8)
  A wyvern simulacrum (D:8)
  11 hounds
  6 centaur skeletons
  3 orc priests
  4 orc wizards
  A bullfrog skeleton (D:6)
  4 human zombies (Ossuary)
  Jessica (D:3)
  2 iguanas
  Ijyb (D:3)
  10 worker ants
  4 mummies
  A worker ant zombie (D:5)
  A howler monkey skeleton (D:7)
  11 adders
  4 shadow imps
  2 white imps (D:8)
  16 oozes
  3 ufetubi
  An adder skeleton (D:7)
  A worm (D:3)
  A dart slug (D:1)
  5 leopard geckos
  28 orcs
  A ball python (D:2)
  4 giant cockroaches
  8 hobgoblins
  17 jackals
  8 quokkas
  A bat (D:2)
  2 frilled lizards
  3 goblins
  2 hobgoblin zombies (D:8)
  A jackal skeleton (D:5)
  12 kobolds
  A quokka skeleton (D:7)
  9 rats
416 creatures vanquished.

Vanquished Creatures (others)
  2 ugly things (D:15)
  A yak (D:12)
  A human (D:13)
  A phantom (D:4)
  A slave (D:4)
  An orc wizard (D:4)
  2 adders (D:4)
  An adder skeleton (D:4)
  A worm (D:4)
  A leopard gecko (D:4)
  2 orcs (D:4)
  A giant cockroach (D:4)
  A frilled lizard (D:4)
  5 fungi (D:11)
21 creatures vanquished.

Grand Total: 437 creatures vanquished

Notes
Turn   | Place    | Note
-------+----------+-------------------------------------------
     0 | D:1      | dengdeng the Minotaur Berserker began the quest for the
                  | Orb.
     0 | D:1      | Reached XP level 1. HP: 19/19 MP: 0/0
   247 | D:1      | Reached XP level 2. HP: 27/27 MP: 1/1
   989 | D:2      | Reached XP level 3. HP: 32/33 MP: 2/2
  1035 | D:2      | Reached ** piety under Trog
  1039 | D:2      | Reached skill level 3 in Armour
  1496 | D:2      | Found a glowing golden altar of the Shining One.
  1632 | D:3      | Found an opulent altar of Gozag.
  1668 | D:3      | Reached XP level 4. HP: 31/40 MP: 3/3
  1959 | D:3      | Noticed Ijyb
  1980 | D:3      | Killed Ijyb
  1996 | D:3      | Noticed Sigmund
  2008 | D:3      | Killed Sigmund
  2008 | D:3      | Reached skill level 5 in Axes
  2008 | D:3      | Reached skill level 4 in Armour
  2008 | D:3      | Reached XP level 5. HP: 35/47 MP: 4/4
  2008 | D:3      | Reached XP level 6. HP: 42/55 MP: 5/5
  2423 | D:3      | Noticed Jessica
  2430 | D:3      | Killed Jessica
  2430 | D:3      | Reached skill level 5 in Armour
  2504 | D:4      | Noticed a slave
  2504 | D:4      | Noticed a slave
  2505 | D:4      | Noticed Pikel
  2505 | D:4      | Noticed a slave
  2505 | D:4      | Noticed a slave
  2529 | D:4      | Killed Pikel
  2529 | D:4      | Reached skill level 5 in Fighting
  2529 | D:4      | Reached skill level 1 in Throwing
  2529 | D:4      | Reached skill level 6 in Armour
  2529 | D:4      | Reached XP level 7. HP: 32/62 MP: 6/6
  2819 | D:4      | Reached skill level 7 in Armour
  3474 | D:5      | Entered Level 5 of the Dungeon
  3493 | D:5      | Found a blossoming altar of Fedhas.
  3595 | D:5      | Reached XP level 8. HP: 58/70 MP: 7/7
  3725 | D:5      | Found Replun's Gadget Shop.
  3772 | D:5      | Found Nyuleiv's Food Shop.
  3887 | D:5      | Reached *** piety under Trog
  4026 | D:5      | Reached skill level 1 in Polearms
  4092 | D:5      | Found Sisuy's Distillery.
  4192 | D:5      | Reached skill level 8 in Armour
  4681 | D:6      | Found a staircase to the Ecumenical Temple.
  5134 | D:7      | Reached skill level 9 in Armour
  5147 | D:7      | Reached XP level 9. HP: 21/79 MP: 8/8
  5468 | D:7      | Reached skill level 1 in Short Blades
  5743 | D:7      | Reached skill level 5 in Polearms
  5805 | D:7      | Reached skill level 10 in Armour
  5831 | D:7      | You fall through a shaft for 2 floors!
  5949 | D:8      | Found a sand-covered staircase.
  5956 | Ossuary  | Entered an ossuary
  5981 | Ossuary  | Reached **** piety under Trog
  7005 | D:7      | Reached skill level 5 in Short Blades
  7007 | D:7      | Reached XP level 10. HP: 59/90 MP: 9/9
  7477 | D:8      | Noticed a two-headed ogre
  7491 | D:8      | Killed a two-headed ogre
  7691 | D:8      | Reached ***** piety under Trog
  8111 | D:8      | Reached skill level 10 in Fighting
  8550 | D:8      | Reached skill level 11 in Armour
  8780 | D:9      | Received a gift from Trog
  8987 | D:8      | Reached skill level 1 in Long Blades
  9735 | D:9      | Found a staircase to the Orcish Mines.
  9929 | D:9      | Reached XP level 11. HP: 99/99 MP: 10/10
  9959 | D:9      | Noticed Erica
  9975 | D:9      | Killed Erica
 10183 | D:10     | Entered Level 10 of the Dungeon
 10183 | D:10     | Noticed Snorg
 10198 | D:10     | Killed Snorg
 10198 | D:10     | Reached skill level 5 in Long Blades
 10198 | D:10     | Reached skill level 12 in Armour
 10764 | D:10     | Identified the cursed +0 troll leather armour of Hiohiny
                  | {rF+ rC+ Regen+ Int+2 SInv}
 10767 | D:10     | Noticed an ogre mage
 10771 | D:10     | Killed an ogre mage
 10771 | D:10     | Reached skill level 1 in Unarmed Combat
 11269 | D:11     | Found a staircase to the Lair.
 11428 | D:11     | Reached skill level 1 in Stealth
 11525 | D:11     | Noticed an oklob plant
 12700 | D:12     | Noticed Josephine
 12722 | D:12     | Killed Josephine
 12726 | D:12     | Reached XP level 12. HP: 83/110 MP: 11/11
 13496 | D:12     | Reached skill level 13 in Armour
 13912 | D:13     | Reached ****** piety under Trog
 13912 | D:13     | Received a gift from Trog
 13985 | D:13     | Reached skill level 10 in Long Blades
 14108 | D:13     | Noticed a two-headed ogre
 14115 | D:13     | Killed a two-headed ogre
 14529 | D:13     | Noticed Frances
 14545 | D:13     | Killed Frances
 15095 | D:13     | Noticed a vault guard
 15095 | D:13     | Noticed a vault guard
 15116 | D:13     | Killed a vault guard
 15129 | D:13     | Killed a vault guard
 15134 | D:13     | Noticed a vault guard
 15146 | D:13     | Killed a vault guard
 15146 | D:13     | Reached XP level 13. HP: 67/119 MP: 12/12
 15341 | D:13     | Found a gate to the Vaults.
 15555 | D:13     | Found a runed translucent gate.
 15555 | D:13     | Found a runed translucent gate.
 15555 | D:13     | Noticed aze's ghost (journeyman DDFi)
 15556 | D:13     | Found a runed translucent gate.
 15559 | D:13     | Identified the +5 plate armour of Paranoia {rF- Str+4
                  | Dex+2}
 15675 | D:13     | Found a roughly hewn altar of Beogh.
 15873 | D:13     | Killed aze's ghost
 15873 | D:13     | Reached skill level 14 in Armour
 16476 | D:14     | Found a sacrificial altar of Ru.
 16557 | D:14     | Noticed Azrael
 16574 | D:14     | Killed Azrael
 16574 | D:14     | Reached skill level 1 in Maces & Flails
 17290 | D:14     | Got a jewelled morningstar
 17291 | D:14     | Identified the +7 morningstar of Slow Death {venom, -Tele
                  | MR+ Dex+4} (You found it on level 14 of the Dungeon)
 17314 | D:14     | Received a gift from Trog
 17738 | D:15     | Entered Level 15 of the Dungeon
 18537 | D:15     | Reached skill level 5 in Maces & Flails
 18733 | D:15     | HP: 4/122 [centaur warrior skeleton (5)]
 19281 | D:15     | Found a staircase to the Depths.
 19281 | D:15     | Noticed a dire elephant
 19292 | D:15     | HP: 5/122 [salamander/+0 trident (9)]
 19292 | D:15     | Demolished by a salamander

Skill      XL: |  1  2  3  4  5  6  7  8  9 10 11 12 13 |
---------------+----------------------------------------+-----
Axes           | 4 5 6 7 8 |  8.9
Fighting       | 4 5 7 8 10 11 12 13 | 13.1
Armour         | 3 4 6 7 9 10 11 12 13 14 | 14.6
Throwing       | 1 2 3 |  3.0
Polearms       | 4 5 |  5.7
Dodging        | 3 |  3.5
Short Blades   | 5 8 |  8.5
Long Blades    | 2 8 11 12 | 12.4
Unarmed Combat | 1 |  1.0
Stealth        | 1 |  1.7
Maces & Flails | 6 |  6.1

Action                   |  1- 3 |  4- 6 |  7- 9 | 10-12 | 13-15 || total
-------------------------+-------+-------+-------+-------+-------++-------
Melee: Hand axe          |    90 |    69 |    44 |    99 |       ||   302
       Headbutt          |    11 |    13 |    87 |   158 |    68 ||   337
       Scythe            |       |       |    99 |       |       ||    99
       Rapier            |       |       |   238 |   145 |       ||   383
       Falchion          |       |       |       |    76 |       ||    76
       Scimitar          |       |       |       |   298 |    69 ||   367
       Unarmed           |       |       |       |     8 |       ||     8
       Punch             |       |       |       |     5 |       ||     5
       Glaive            |       |       |       |     5 |       ||     5
       Morningstar       |       |       |       |       |    98 ||    98
       Dire flail        |       |       |       |       |    33 ||    33
       Great sword       |       |       |       |       |    11 ||    11
Throw: Stone             |    25 |     2 |     6 |     7 |     3 ||    43
       Tomahawk          |       |       |    10 |     1 |       ||    11
       Javelin           |       |       |     5 |    14 |       ||    19
Invok: Berserk           |       |     2 |     2 |     3 |     2 ||     9
  Use: Scroll            |       |     1 |     1 |    20 |     1 ||    23
       Potion            |       |       |       |       |     1 ||     1
 Stab: Sleeping          |     1 |       |       |       |       ||     1
  Eat: Chunk             |     2 |     1 |    12 |    38 |    15 ||    68
       Ration            |       |     1 |     4 |     1 |       ||     6
Armor: Animal skin       |     4 |       |       |       |       ||     4
       Ring mail         |    23 |       |       |       |       ||    23
       Plate armour      |       |    34 |   282 |   360 |   171 ||   847
Dodge: Dodged            |    54 |    27 |   218 |   292 |   136 ||   727
       Rpst.: Falchion   |       |       |       |     8 |       ||     8
       Scimitar          |       |       |       |    35 |     5 ||    40
       Great sword       |       |       |       |       |     1 ||     1
